 Dungeon Crawl Stone Soup version 0.31.0-1-g2c135a0 (webtiles) character file.

Game seed: 179551547966531009

12691 brinewave the Fighter (level 11, -6/101 HPs)
             Began as a Minotaur Fighter on Jan 27, 2024.
             Was a High Priest of Jiyva.
             Mangled by an eight-headed hydra (10 damage)
             ... on level 4 of the Lair of Beasts.
             The game lasted 00:21:12 (6682 turns).

brinewave the Fighter (Minotaur Fighter)            Turns: 6682, Time: 00:21:13

Health: -6/101     AC: 16    Str: 24    XL:     11   Next: 65%
Magic:  15/16      EV: 22    Int:  3    God:    Jiyva [*****.]
Gold:   475        SH:  7    Dex: 17    Spells: 10/10 levels left

rFire   + + .        A - +0 spear (flame)
rCold   + + .        c - +0 buckler
rNeg    + + .        o - +0 plate armour
rPois   .            (helmet restricted)
rElec   .            g - scarf {rC+ rF+}
rCorr   +            (no gloves)
SInv    .            (no boots)
Will    .....        j - amulet of Fuafuato {Acrobat rF+ rC+ rN+} Stlth
                     q - ring of positive energy
HPRegen 1.80/turn    (no ring)
MPRegen 0.87/turn

%: acrobat
@: acrobatic, calling ooze
A: horns 2, retaliatory headbutt, iridescent scales 1, agile 2, wild magic 2,
tendrils, jelly sensing items, jelly absorbing missiles
a: Renounce Religion, Oozemancy, Slimify


You were on level 4 of the Lair of Beasts.
You worshipped Jiyva.
Jiyva was extremely pleased with you.
You visited 2 branches of the dungeon, and saw 12 of its levels.

You collected 475 gold pieces.

Inventory:

Hand Weapons
 n - the +8 war axe "Ocyev" {vamp, rPois rC+}
   (You found it on level 2 of the Dungeon)

   rC+:       It protects you from cold.
   rPois:     It protects you from poison
 A - a +0 spear of flaming (weapon)
Missiles
 l - 5 boomerangs (quivered)
 p - 6 atropa-tipped darts
 u - 9 poisoned darts
 B - 2 javelins
Armour
 c - a +0 buckler (worn)
 g - a scarf of resistance (worn)
 o - a +0 plate armour (worn)
 C - a +0 cloak
Jewellery
 j - the amulet of Fuafuato (around neck) {Acrobat rF+ rC+ rN+}
   (You found it on level 3 of the Dungeon)

   [amulet of the acrobat]

   Acrobat:   It increases your evasion while moving and waiting.
   rF+:       It protects you from fire.
   rC+:       It protects you from cold.
   rN+:       It protects you from negative energy.
 q - a ring of positive energy (left hand)
Wands
 f - a wand of flame (22)
 z - a wand of digging (5)
Scrolls
 e - 2 scrolls of amnesia {unknown}
 h - 5 scrolls of teleportation
 s - 2 scrolls of silence {unknown}
 t - a scroll of brand weapon {unknown}
 v - a scroll of enchant weapon {unknown}
 x - a scroll of blinking {unknown}
 y - a scroll of enchant armour {unknown}
Potions
 a - 2 potions of invisibility {unknown}
 b - 2 potions of enlightenment
 d - 2 potions of might
 i - a potion of ambrosia
 k - a potion of berserk rage {unknown}
 m - 5 potions of curing
 r - 3 potions of lignification
 w - a potion of attraction {unknown}


   Skills:
 + Level 10.8 Fighting
 + Level 10.5 Axes
 + Level 10.7 Armour
 + Level 10.7 Shields
 - Level 8.4 Invocations


You had 10 spell levels left.
You didn't know any spells.
Your spell library contained the following spells:

 Spells                   Type           Power      Damage    Failure   Level
 Shock                    Conj/Air       0%         1d3       100%        1
 Stone Arrow              Conj/Erth      0%         3d7       100%        3
 Swiftness                Air            0%         N/A       100%        3
 Airstrike                Air            0%         2d(0-16)  100%        4
 Animate Armour           Summ/Erth      0%         N/A       100%        4
 Alistair's Intoxication  Alch           0%         N/A       100%        5
 Borgnjor's Vile Clutch   Necr/Erth      0%         N/A       100%        5
 Eringya's Noxious Bog    Alch           0%         4d6       100%        6
 Malign Gateway           Summ/Tloc      0%         N/A       100%        7
 Lehudib's Crystal Spear  Conj/Erth      0%         10d2      100%        8
 Summon Horrible Things   Summ           0%         N/A       100%        8


Dungeon Overview and Level Annotations

Branches:
Dungeon (8/15)             Temple (0/1) D:7            Lair (4/5) D:8
  Swamp: Lair:2-3    Shoals: Lair:2-3     Snake: Lair:2-3    Spider: Lair:2-3
  Slime: Lair:4-5

Altars:
Xom
Jiyva

Shops:
D:7 (

Annotations:
D:5 2 transporters, IAmTheZeppo's ghost, novice DjCj


Innate Abilities, Weirdness & Mutations

You have a pair of horns on your head.
You reflexively headbutt those who attack you in melee.
You are partially covered in iridescent scales. (AC +2)
You are very agile. (Dex +8, Str/Int -2)
Your spells are harder to cast, but more powerful.
You are covered in slimy tendrils that may disarm your opponents.
You have a small jelly attached to you that senses nearby items.
You have a small jelly attached to you that may absorb projectiles.


Message History

The eight-headed hydra bites you but does no damage.
The eight-headed hydra misses you.
You block the eight-headed hydra's attack.
The eight-headed hydra bites you! The eight-headed hydra bites you.
You block the eight-headed hydra's attack.
The eight-headed hydra bites you but does no damage.
The eight-headed hydra bites you.
Activating: Oozemancy (0% risk of failure)
Press: ? - help, Dir - look around, f - activate A stone staircase leading up, spattered with blood.
Slime begins to ooze from the nearby walls!
The wall burns the eight-headed hydra!
The eight-headed hydra bites you.
The eight-headed hydra bites you but does no damage.
The eight-headed hydra bites you.
You block the eight-headed hydra's attack.
The eight-headed hydra barely misses you.
The eight-headed hydra bites you. x2
* * * LOW HITPOINT WARNING * * *
You block the eight-headed hydra's attack.
You hit the eight-headed hydra. You burn the eight-headed hydra.
The eight-headed hydra is severely wounded.
The wall burns the eight-headed hydra!
The eight-headed hydra bites you!
* * * LOW HITPOINT WARNING * * *
The eight-headed hydra bites you.
* * * LOW HITPOINT WARNING * * *
The eight-headed hydra bites you but does no damage.
You block the eight-headed hydra's attack.
The eight-headed hydra bites you!
* * * LOW HITPOINT WARNING * * *
The eight-headed hydra completely misses you.
The eight-headed hydra bites you but does no damage.
The eight-headed hydra bites you.
* * * LOW HITPOINT WARNING * * *
Okay, then.
Okay, then.
Okay, then.
The wall burns the eight-headed hydra!
The eight-headed hydra attacks as it pursues you!
The eight-headed hydra bites you!
You die...

........~≈~~.....
.:.....#........[...
...........#.....>..
........).........#
..................#
..................#
..................##
....................
.......#..†#@.......
..........†D........
....................
.......P........!...
...........#?.....#.
.#....PP...##.#####
.........# ##
.........# ......###


You could see an eight-headed hydra.

Vanquished Creatures
  5 death yaks (Lair:2)
  3 elephants (Lair:1)
  3 cane toads
  A komodo dragon (Lair:1)
  3 blink frogs (Lair:1)
  4 wyverns
  Eustachio (D:4)
  10 yaks (Lair:2)
  2 chaos spawn (D:8)
  Menkaure (D:4)
  5 water moccasins
  An acid dragon (D:8)
  2 ice beasts
  A black bear (Lair:1)
  10 wolves
  3 ogres
  A centaur (D:7)
  3 phantoms
  4 bullfrogs
  4 scorpions
  9 killer bees (D:7)
  2 electric eels (Lair:1)
  5 howler monkeys
  A gnoll bouda (D:6)
  2 bombardier beetles
  4 orc priests
  2 sleepcaps
  Jessica (D:2)
  2 iguanas
  Natasha (thrice) (D:3)
  8 orc wizards
  5 gnolls
  6 adders
  A shadow imp (D:5)
  3 white imps
  A ribbon worm (D:2)
  3 dart slugs
  27 orcs
  3 endoplasms
  6 goblins
  4 hobgoblins
  9 kobolds
  2 quokkas
  5 ball pythons
  4 bats
  2 frilled lizards
  4 rats
191 creatures vanquished.

Vanquished Creatures (collateral kills)
  2 komodo dragons
2 creatures vanquished.

Vanquished Creatures (others)
  A bullfrog (D:8)
  A killer bee (D:7)
  3 jellies
  An orc priest (D:6)
  A sleepcap (D:6)
  3 gnolls (D:6)
  An adder (D:6)
  A dart slug (D:4)
  An endoplasm (D:3)
  A ribbon worm (D:4)
  2 orcs (D:4)
  A ball python (D:4)
  A bat (D:3)
  A giant cockroach (D:3)
  2 butterflies (Lair:1)
21 creatures vanquished.

Grand Total: 214 creatures vanquished

Notes
Turn   | Place    | Note
-------+----------+-------------------------------------------
     0 | D:1      | brinewave the Minotaur Fighter began the quest for the Orb.
     0 | D:1      | Reached XP level 1. HP: 19/19 MP: 0/0
   224 | D:1      | Reached XP level 2. HP: 15/27 MP: 1/1
   391 | D:1      | Reached skill level 1 in Invocations
  1030 | D:2      | Identified the +8 war axe "Ocyev" {vamp, rPois rC+}
  1109 | D:2      | Reached XP level 3. HP: 33/33 MP: 1/3
  1136 | D:2      | Noticed Jessica
  1141 | D:2      | Killed Jessica
  1506 | D:2      | Reached XP level 4. HP: 40/40 MP: 4/4
  1520 | D:2      | Found a faded altar of an unknown god.
  1524 | D:2      | Prayed at the altar of an unknown god.
  1524 | D:2      | Became a worshipper of Jiyva Jalu the Shapeless
  1524 | D:2      | Reached * piety under Jiyva
  1685 | D:3      | Noticed a phantom
  1689 | D:3      | Killed a phantom
  1690 | D:3      | Reached XP level 5. HP: 44/47 MP: 5/5
  1803 | D:3      | Identified the amulet of Fuafuato {Acrobat rF+ rC+ rN+}
  1998 | D:3      | Noticed Natasha
  2001 | D:3      | Killed Natasha
  2081 | D:3      | Reached ** piety under Jiyva
  2326 | D:3      | Reached XP level 6. HP: 53/53 MP: 7/7
  2450 | D:3      | Noticed Natasha
  2455 | D:3      | Killed Natasha
  2538 | D:3      | Noticed Natasha
  2546 | D:3      | Killed Natasha
  2591 | D:4      | Reached skill level 5 in Fighting
  2591 | D:4      | Reached skill level 5 in Armour
  2591 | D:4      | Reached skill level 5 in Shields
  2682 | D:4      | Noticed Eustachio
  2688 | D:4      | Killed Eustachio
  2689 | D:4      | Reached XP level 7. HP: 61/61 MP: 7/9
  2695 | D:4      | Identified the +3 long sword "Zodghewk" {protect, Fly rF++}
  2715 | D:4      | Reached *** piety under Jiyva
  2715 | D:4      | Noticed Menkaure
  2741 | D:4      | Killed Menkaure
  2993 | D:5      | Entered Level 5 of the Dungeon
  2993 | D:5      | Gained mutation: Your spells are a little harder to cast,
                  | but a little more powerful. [Jiyva's grace]
  2993 | D:5      | Gained mutation: Your spells are harder to cast, but more
                  | powerful. [Jiyva's grace]
  2993 | D:5      | Gained mutation: Your spells are much harder to cast, but
                  | much more powerful. [Jiyva's grace]
  2993 | D:5      | Gained mutation: You have sharp fingernails. [Jiyva's
                  | grace]
  3002 | D:5      | Reached skill level 5 in Axes
  3002 | D:5      | Reached skill level 5 in Invocations
  3004 | D:5      | Reached XP level 8. HP: 70/70 MP: 10/10
  3116 | D:5      | Found a transporter.
  3119 | D:5      | Noticed IAmTheZeppo's ghost (novice DjCj)
  3120 | D:5      | Found a transporter.
  3314 | D:5      | Reached **** piety under Jiyva
  3755 | D:6      | Reached ***** piety under Jiyva
  4139 | D:7      | Reached XP level 9. HP: 72/78 MP: 11/13
  4262 | D:7      | Found a staircase to the Ecumenical Temple.
  4303 | D:7      | Lost mutation: Your spells are much harder to cast, but
                  | much more powerful. [Jiyva's grace]
  4303 | D:7      | Gained mutation: You passively dampen the noise of your
                  | surroundings. [Jiyva's grace]
  4303 | D:7      | Gained mutation: Your spells are much harder to cast, but
                  | much more powerful. [Jiyva's grace]
  4303 | D:7      | Gained mutation: You are agile. (Dex +4, Str/Int -1)
                  | [Jiyva's grace]
  4303 | D:7      | Gained mutation: You are very agile. (Dex +8, Str/Int -2)
                  | [Jiyva's grace]
  4761 | D:7      | Found Vuptat's Antique Weapon Shop.
  5033 | D:8      | Found a shimmering altar of Xom.
  5033 | D:8      | Found the +7 mace of Variability {chaos, chaos arc}
  5149 | D:8      | Found a staircase to the Lair.
  5149 | D:8      | Noticed a komodo dragon
  5160 | D:8      | Killed a komodo dragon
  5161 | D:8      | Reached XP level 10. HP: 40/88 MP: 15/15
  5189 | Lair:1   | Entered Level 1 of the Lair of Beasts
  5743 | Lair:1   | Noticed a cane toad
  5756 | Lair:1   | Killed a cane toad
  5916 | Lair:1   | Noticed a cane toad
  5924 | Lair:1   | Killed a cane toad
  5970 | Lair:1   | Reached ****** piety under Jiyva
  6173 | Lair:1   | Noticed an elephant
  6173 | Lair:1   | Noticed an elephant
  6174 | Lair:1   | Noticed an elephant
  6184 | Lair:1   | Killed an elephant
  6191 | Lair:1   | Killed an elephant
  6193 | Lair:1   | Killed an elephant
  6433 | Lair:2   | Noticed a death yak
  6433 | Lair:2   | Noticed a death yak
  6433 | Lair:2   | Noticed a death yak
  6434 | Lair:2   | Noticed a death yak
  6438 | Lair:2   | Noticed a death yak
  6443 | Lair:2   | Killed a death yak
  6444 | Lair:2   | Reached XP level 11. HP: 97/99 MP: 16/16
  6445 | Lair:2   | Killed a death yak
  6447 | Lair:2   | Killed a death yak
  6448 | Lair:2   | Reached skill level 10 in Fighting
  6452 | Lair:2   | Killed a death yak
  6453 | Lair:2   | Reached skill level 10 in Armour
  6453 | Lair:2   | Reached skill level 10 in Shields
  6457 | Lair:2   | Killed a death yak
  6471 | Lair:2   | Lost mutation: You have sharp fingernails. [Jiyva's grace]
  6471 | Lair:2   | Lost mutation: Your spells are much harder to cast, but
                  | much more powerful. [Jiyva's grace]
  6471 | Lair:2   | Lost mutation: You passively dampen the noise of your
                  | surroundings. [Jiyva's grace]
  6471 | Lair:2   | Gained mutation: You have a small jelly attached to you
                  | that may absorb projectiles. [Jiyva's grace]
  6471 | Lair:2   | Gained mutation: You have a small jelly attached to you
                  | that senses nearby items. [Jiyva's grace]
  6471 | Lair:2   | Gained mutation: You are covered in slimy tendrils that may
                  | disarm your opponents. [Jiyva's grace]
  6471 | Lair:2   | Gained mutation: You are partially covered in iridescent
                  | scales. (AC +2) [Jiyva's grace]
  6483 | Lair:2   | Reached skill level 10 in Axes
  6664 | Lair:4   | Noticed an eight-headed hydra
  6681 | Lair:4   | HP: 2/101 [eight-headed hydra (6)]
  6682 | Lair:4   | Mangled by an eight-headed hydra

Illustrated notes

Levels and vault maps discovered:
D:1:      heliophobic_arrival_henge, layout_basic, kennysheep_small_spiral
D:2:      layout_loops_cross, basic_ecumenical_altar, uniq_jessica
D:3:      layout_basic, kennysheep_generic_room_3, uniq_natasha
D:4:      layout_cave_pools, uniq_eustachio, uniq_menkaure
D:5:      layout_cave_pools, gammafunk_ghost_arena
D:6:      layout_loops_ring
D:7:      layout_loops_ring, minmay_temple_entry_sparse_star, serial_shops,
          shop, nicolae_figureground_pulse
D:8:      layout_cave_pools, david_lair_shrubbed,
          minmay_guarded_unrand_variability
Lair:1:   layout_gridlike, cheibrodos_lair_caveside_slide, serial_bayou_shore_b,
          lemuel_fruit_fields, serial_bayou_shore_a
Lair:2:   layout_gridlike, guppyfry_snake_entry_garden,
          pdpol_lair_neglected_garden
Lair:3:   layout_big_grid, elwin_shoals_entry_stream, uniq_amaemon
Lair:4:   layout_gridlike, dpeg_slime_entry_enclosed, beast_lair_carwin_5,
          infiniplex_staircase_pool

Skill      XL: |  1  2  3  4  5  6  7  8  9 10 11 |
---------------+----------------------------------+-----
Invocations    | 1 2 3 4 5 6 8 |  8.4
Shields        | 4 5 6 7 9 10 | 10.7
Fighting       | 4 5 6 8 9 10 | 10.8
Axes           | 3 4 5 6 7 9 10 | 10.5
Armour         | 4 5 6 7 9 10 | 10.7

Action                     |  1- 3 |  4- 6 |  7- 9 | 10-12 || total
---------------------------+-------+-------+-------+-------++-------
  Melee: War axe           |    38 |    67 |   187 |   140 ||   432
         Headbutt          |     3 |     7 |    35 |    26 ||    71
         Spear             |       |       |       |     7 ||     7
 Invoke: Oozemancy         |       |       |       |     2 ||     2
    Use: Scroll            |     1 |     1 |     6 |       ||     8
 Armour: Scale mail        |    12 |       |       |       ||    12
         Plate armour      |     8 |    54 |   170 |   212 ||   444
  Dodge: Dodged            |    20 |    24 |    87 |    50 ||   181
  Block: Buckler           |     6 |    13 |    47 |    64 ||   130
